 Dungeon Crawl Stone Soup version 0.30-a0-373-gd37427bb62 (webtiles) character file.

Game seed: 8636934346114511260

3045 funkygono the Magician (level 9, -6/61 HPs)
             Began as a Demonspawn Fire Elementalist on Nov 24, 2022.
             Was an Initiate of Vehumet.
             Mangled by a boulder beetle (24 damage)
             ... on level 6 of the Dungeon.
             The game lasted 00:11:40 (7508 turns).

funkygono the Magician (DsFE)                       Turns: 7508, Time: 00:11:41

Health: -6/61      AC:  6    Str:  8    XL:     9   Next: 56%
Magic:  18/20      EV: 13    Int: 22    God:    Vehumet [......]
Gold:   313        SH:  0    Dex: 13    Spells: 8/23 levels left

rFire   + . .      SeeInvis .    g - +0 whip
rCold   . . .      Faith    .    (no shield)
rNeg    . . .      Spirit   .    b - +2 robe {rC+}
rPois   .          Reflect  .    (no helmet)
rElec   .          Harm     .    (no cloak)
rCorr   .          Rampage  .    (no gloves)
Will    .....                    (no boots)
Stlth   ++........               (no amulet)
HPRegen 0.30/turn                z - ring of fire
MPRegen 0.17/turn                (no ring)

@: no status effects
A: hooves 2, slimy green scales 1, foul stench 1
a: Renounce Religion


You were on level 6 of the Dungeon.
You worshipped Vehumet.
Vehumet was noncommittal.
You visited 1 branch of the dungeon, and saw 6 of its levels.

You collected 313 gold pieces.

Inventory:

Hand Weapons
 g - a +0 whip (weapon)
Missiles
 p - 5 throwing nets (quivered)
Armour
 a - a scarf of shadows
 b - a +2 robe of cold resistance (worn)
 i - a +0 scale mail
 q - a +1 robe of cold resistance
Jewellery
 z - a ring of fire (left hand)
 A - an amulet of the acrobat
Wands
 x - a wand of light (1)
Scrolls
 c - a scroll of butterflies {unknown}
 f - 8 scrolls of identify {unknown}
 k - 4 scrolls of teleportation {unknown}
 l - a scroll of enchant weapon {unknown}
 o - 5 scrolls of magic mapping {unknown}
 s - 2 scrolls of fear {unknown}
 u - a scroll of silence {unknown}
 w - a scroll of blinking {unknown}
 y - 2 scrolls of poison {unknown}
Potions
 d - a potion of ambrosia {unknown}
 e - a potion of flight {unknown}
 h - 2 potions of curing
 j - a potion of mutation {unknown}
 m - a potion of haste {unknown}
 n - a potion of cancellation {unknown}
 r - a potion of lignification {unknown}
 t - 3 potions of heal wounds {unknown}
 v - a potion of might {unknown}


   Skills:
 + Level 2.2 Fighting
 + Level 2.5 Maces & Flails
 + Level 3.3 Dodging
 - Level 1.7 Stealth
 + Level 7.8 Spellcasting
 + Level 5.0 Conjurations
 + Level 7.6 Fire Magic
 + Level 0.3 Evocations


You had 8 spell levels left.
You knew the following spells:

 Your Spells              Type           Power      Damage    Failure   Level
a - Foxfire               Conj/Fire      100%       2x1d9     1%          1
b - Scorch                Fire           100%       2d10      1%          2
c - Kindle Blastsparks    Fire/Tloc/Air  58%        2d14      9%          3
d - Flame Wave            Conj/Fire      53%        2d13      5%          4
e - Fireball              Conj/Fire      26%        3d12      16%         5

Your spell library contained the following spells:

 Spells                   Type           Power      Damage    Failure   Level
 Inner Flame              Hex/Fire       38%        N/A       4%          3
 Sticky Flame             Conj/Fire      53%        2d7       5%          4
 Starburst                Conj/Fire      26%        6d8       65%         6


Dungeon Overview and Level Annotations

Branches:
Dungeon (6/15)
 Temple: D:4-7

Altars:
Ashenzari
Hepliaklqana
Sif Muna
Vehumet
Wu Jian

Shops:
D:3 (   D:6 =


Innate Abilities, Weirdness & Mutations

You have hoof-like feet.
You are partially covered in slimy green scales. (AC +2)
You may rarely emit foul miasma when damaged in melee.


Message History

The boulder beetle is moderately wounded.
The boulder beetle is no longer blind.
The boulder beetle closely misses you.
You barely miss the boulder beetle. Your kick misses the boulder beetle.
The boulder beetle is moderately wounded.
The boulder beetle bites you!
* * * LOW HITPOINT WARNING * * *
Aiming: Bolt of Light
Press: ? - help, Shift-Dir - straight line, f/p - boulder beetle
Aim: a boulder beetle (moderately wounded, 100% to hit)
The bolt of light hits the boulder beetle.
The boulder beetle is moderately wounded.
The boulder beetle is blinded.
The boulder beetle barely misses you.
Press: ? - help, v - describe, . - travel The floor, spattered with blood.
Aiming: Bolt of Light
Press: ? - help, Shift-Dir - straight line, f/p - boulder beetle
Aim: a boulder beetle (moderately wounded, blind, 100% to hit)
The bolt of light hits the boulder beetle but does no damage.
The boulder beetle is moderately wounded.
Aiming: Bolt of Light
Press: ? - help, Shift-Dir - straight line, f/p - boulder beetle
Aim: a boulder beetle (moderately wounded, blind, 100% to hit)
The bolt of light hits the boulder beetle.
The boulder beetle is moderately wounded.
The boulder beetle closely misses you.
Aiming: Bolt of Light
Press: ? - help, Shift-Dir - straight line, f/p - boulder beetle
Aim: a boulder beetle (moderately wounded, blind, 100% to hit)
The bolt of light hits the boulder beetle but does no damage.
The boulder beetle is moderately wounded.
The boulder beetle misses you.
There is an open door here.
You see here 2 gold pieces.
Casting: Foxfire (safe; 1% risk of failure)
Confirm with . or Enter, or press ? or * to list all spells.
You feel a surge of power!
Flames lash the boulder beetle.
The boulder beetle is heavily wounded.
The boulder beetle's fire resistance burns away.
The boulder beetle bites you!!
You die...

### # ##########.## .
#.........#.##
#.######.###.# ######
#.#.....##[#####....#
#.#.######+#...'†...#
.##
#.#.#####..#...#....#
...
#....^..#.@B...#....#
.##
###(###############)##
#.# #......#.....# #.#
#......#.....#
##.#####......#.....#
#......#......#.....#
#..#####......†.....#
#..##.........#######
#..##.######### .#


You could see a boulder beetle (blind, combustible).

Vanquished Creatures
  2 two-headed ogres (D:6)
  Menkaure (D:5)
  A water moccasin (D:5)
  Duvessa (D:4)
  A sky beast (D:6)
  3 ice beasts
  An ogre (D:4)
  A centaur (D:5)
  2 necrophages
  A bullfrog (D:4)
  A scorpion (D:6)
  Dowan (D:4)
  A crimson imp (D:4)
  10 hounds
  2 jellies
  A gnoll bouda (D:5)
  3 iguanas
  An orc wizard (D:6)
  3 gnolls (D:5)
  10 adders
  A white imp (D:3)
  2 ufetubi
  A worm (D:2)
  A dart slug (D:2)
  12 orcs
  7 ball pythons
  8 endoplasms
  5 giant cockroaches
  11 goblins
  8 hobgoblins
  8 kobolds
  2 quokkas
  8 bats
  A frilled lizard (D:2)
  A goblin skeleton (D:4)
  4 hobgoblin zombies (D:4)
  A kobold skeleton (D:4)
  A kobold zombie (D:4)
  An orc skeleton (D:4)
  An orc zombie (D:4)
  4 rats
135 creatures vanquished.

Vanquished Creatures (others)
  497 foxfires
497 creatures vanquished.

Grand Total: 632 creatures vanquished

Notes
Turn   | Place    | Note
-------+----------+-------------------------------------------
     0 | D:1      | funkygono the Demonspawn Fire Elementalist began the quest
                  | for the Orb.
     0 | D:1      | Reached XP level 1. HP: 13/13 MP: 3/3
   263 | D:1      | Gained mutation: You are partially covered in slimy green
                  | scales. (AC +2) [demonic ancestry]
   263 | D:1      | Reached XP level 2. HP: 5/19 MP: 0/5
   266 | D:1      | Learned a level 2 spell: Scorch
  1143 | D:2      | Reached XP level 3. HP: 24/24 MP: 4/6
  1147 | D:2      | Learned a level 3 spell: Kindle Blastsparks
  1785 | D:2      | Gained mutation: You have large cloven feet. [demonic
                  | ancestry]
  1785 | D:2      | Reached XP level 4. HP: 30/30 MP: 3/7
  2469 | D:3      | Found Orill's Antique Weapon Shop.
  3285 | D:4      | Reached XP level 5. HP: 35/35 MP: 3/9
  3690 | D:4      | Found a shimmering blue altar of Sif Muna.
  3785 | D:4      | Reached XP level 6. HP: 4/42 MP: 0/11
  4048 | D:4      | Learned a level 4 spell: Flame Wave
  4330 | D:4      | Reached skill level 1 in Maces & Flails
  4514 | D:4      | Reached skill level 1 in Fighting
  4615 | D:4      | Noticed Duvessa
  4625 | D:4      | Noticed Dowan
  4643 | D:4      | Killed Duvessa
  4689 | D:4      | Killed Dowan
  4690 | D:4      | Gained mutation: You may rarely emit foul miasma when
                  | damaged in melee. [demonic ancestry]
  4690 | D:4      | Reached XP level 7. HP: 23/48 MP: 2/12
  5204 | D:4      | Found a hazy altar of Hepliaklqana.
  5462 | D:5      | Entered Level 5 of the Dungeon
  5462 | D:5      | Noticed Menkaure
  5599 | D:5      | Killed Menkaure
  5600 | D:5      | Reached skill level 5 in Fire Magic
  5919 | D:5      | Reached skill level 5 in Spellcasting
  5919 | D:5      | Gained mutation: You have hoof-like feet. [demonic
                  | ancestry]
  5919 | D:5      | Reached XP level 8. HP: 50/56 MP: 2/15
  6201 | D:5      | Found a radiant altar of Vehumet.
  6209 | D:5      | Became a worshipper of Vehumet
  6437 | D:5      | Found an ornate altar of the Wu Jian Council.
  6453 | D:5      | Found a broken altar of Ashenzari.
  6740 | D:6      | Noticed a two-headed ogre
  6747 | D:6      | Killed a two-headed ogre
  6845 | D:6      | Found Kuaxypu's Jewellery Emporium.
  6903 | D:6      | Reached XP level 9. HP: 46/61 MP: 10/19
  6973 | D:6      | Learned a level 5 spell: Fireball
  7052 | D:6      | Noticed a two-headed ogre
  7058 | D:6      | Killed a two-headed ogre
  7258 | D:6      | Noticed a boulder beetle
  7421 | D:6      | Reached skill level 5 in Conjurations
  7508 | D:6      | Mangled by a boulder beetle

Illustrated notes

Levels and vault maps discovered:
D:1:      mrwooster_arrival_statue_3, layout_basic, nicolae_titane
D:2:      layout_loops_cross
D:3:      layout_basic, serial_shops, nicolae_shop_crystal,
          kennysheep_generic_room_4
D:4:      layout_layer_cave, zin_academy, nicolae_tso_besieged_by_evil,
          nicolae_overflow_crystal_walls, mainiacjoe_overflow_divided_tiny,
          chequers_serial_rivers_room_b, st_stairs_5, uniq_duvessa
D:5:      layout_basic, cheibrodos_ashenzari_chains, vehumet_crystals,
          nzn_wu_jian_council_hall, uniq_menkaure
D:6:      minmay_clustersquares, layout_loops_ring, slow_altar_2,
          nicolae_stop_n_shop_2

Skill      XL: |  1  2  3  4  5  6  7  8  9 |
---------------+----------------------------+-----
Fire Magic     | 3 4 5 6 7 |  7.6
Dodging        | 2 3 |  3.3
Conjurations   | 2 3 4 5 |  5.0
Spellcasting   | 3 5 6 7 |  7.8
Maces & Flails | 2 |  2.5
Fighting       | 1 2 |  2.2
Stealth        | |  1.7
Evocations     | |  0.3

Action                   |  1- 3 |  4- 6 |  7- 9 || total
-------------------------+-------+-------+-------++-------
Melee: Unarmed           |     8 |       |       ||     8
       Whip              |     5 |   195 |    37 ||   237
       Kick              |       |    45 |    12 ||    57
       Punch             |       |     1 |       ||     1
 Cast: Foxfire           |    66 |   114 |   106 ||   286
       Scorch            |     3 |    16 |    34 ||    53
Evoke: Wand              |       |     3 |    11 ||    14
  Use: Potion            |       |     1 |       ||     1
 Stab: Invisible         |       |       |     2 ||     2
Armor: Robe              |     4 |    71 |    21 ||    96
Dodge: Dodged            |    15 |   127 |    41 ||   183

Table legend: (Time is in decaauts)
 A = Elapsed time spent in this place.
 B = Non-inter-level travel time spent in this place.
 C = Inter-level travel time spent in this place.
 D = Time resting spent in this place.
 E = Time spent auto-exploring this place.
 F = Levels seen in this place.
 G = Mean time per level.
                   A        B        C        D        E       F      G
               +--------+--------+--------+--------+--------+-----+--------+
         Total |   7524 |   7414 |    110 |    323 |   5696 |   6 | 1254.0 |
       Dungeon |   7524 |   7414 |    110 |    323 |   5696 |   6 | 1254.0 |
               +--------+--------+--------+--------+--------+-----+--------+

Top non-repeatable levels by time:
     D:4: 2387 daAuts
     D:3: 1160 daAuts
     D:5: 1069 daAuts
     D:1: 1054 daAuts
     D:2: 1004 daAuts
     D:6: 847 daAuts
